TOP OF THE 1ST |
Iowa Cubs batting - Pitching for Gwinnett Braves : RHP Steve Dripps
|
Pitching: RHP Steve Dripps
|
|
Batting: RHB Andy Wasierski
|
0-0: Called Strike 0-1: SINGLE (Groundball, 34D, EV 107.5 MPH)
|
Batting: RHB Adam O'Hare
|
0-0: Ball 1-0: Foul Ball, location: 2F 1-1: Called Strike 1-2: Strikes out swinging
|
Batting: RHB Francisco Ramirez
|
0-0: Ball 1-0: Fielders Choice at 2nd, U6 (Groundball, 4M, EV 85.0 MPH)
|
Batting: LHB Chris Morgan
|
0-0: Called Strike 0-1: Ball 1-1: Ball 2-1: Fly out, F7 (Flyball, 7LS, EV 83.8 MPH)
|
Top of the 1st over - 0 runs, 1 hit, 0 errors, 1 left on base; Iowa 0 - Gwinnett 0 |
BOTTOM OF THE 1ST |
Gwinnett Braves batting - Pitching for Iowa Cubs : RHP Josh Ready
|
Pitching: RHP Josh Ready
|
|
Batting: RHB Xavier Castellanos
|
0-0: Ball 1-0: Ball 2-0: Ball 3-0: Called Strike 3-1: Swinging Strike 3-2: Base on Balls
|
Batting: RHB Luis Revilla
|
0-0: Ball Xavier Castellanos steals 2nd base 1-0: Ball 2-0: Ball 3-0: Base on Balls
|
Batting: LHB Edwin Aguilar
|
0-0: Ball 1-0: Foul Ball, location: 2F 1-1: Called Strike 1-2: Ball 2-2: Foul Ball, location: 2F 2-2: Ball 3-2: Strikes out swinging
|
Batting: RHB Carlos Castillo
|
0-0: Ball 1-0: Called Strike 1-1: Ball 2-1: Ball 3-1: Called Strike 3-2: Base on Balls Xavier Castellanos to third Luis Revilla to second
|
Pitching: RHP Julio Arteaga
|
|
Batting: LHB Sam Dowdy
|
0-0: Ball 1-0: Ball 2-0: Foul Ball, location: 2F 2-1: Foul Ball, location: 2F 2-2: Foul Ball, location: 2F 2-2: SINGLE (Line Drive, 56D, EV 103.1 MPH) Xavier Castellanos scores Luis Revilla to third Carlos Castillo to second
|
Batting: RHB Cole Bittner
|
0-0: Ball 1-0: Ball 2-0: Swinging Strike 2-1: Foul Ball, location: 2F 2-2: SINGLE (Flyball, 5D, EV 88.8 MPH) Luis Revilla scores Carlos Castillo to third Sam Dowdy to second
|
Batting: RHB Jesse Lester
|
0-0: Ball 1-0: GRAND SLAM HOME RUN (Flyball, 7D, EV 102.5 MPH), Distance : 379 ft
|
Batting: RHB Corey Dalton
|
0-0: Ball 1-0: Ball 2-0: Called Strike 2-1: Ball 3-1: Called Strike 3-2: Base on Balls
|
Pitching: RHP Ryan Masterson
|
|
Batting: SHB Tim Rodgers
|
0-0: Ball 1-0: SINGLE (Groundball, 4D, EV 98.1 MPH) Corey Dalton to second Runner from 2nd tries for 3rd, SAFE, throw by RF made to third Tim Rodgers to second
|
Batting: RHB Xavier Castellanos
|
0-0: Ball 1-0: Ball 2-0: Ball 3-0: Base on Balls
|
Batting: RHB Luis Revilla
|
0-0: Swinging Strike 0-1: Swinging Strike 0-2: Foul Ball, location: 2F 0-2: Ball 1-2: Grounds into double play, 5-4-3 (Groundball, 56, EV 101.2 MPH)
|
Bottom of the 1st over - 6 runs, 4 hits, 0 errors, 2 left on base; Iowa 0 - Gwinnett 6 |
TOP OF THE 2ND |
Iowa Cubs batting - Pitching for Gwinnett Braves : RHP Steve Dripps
|
Batting: LHB John Holst
|
0-0: Called Strike 0-1: Swinging Strike 0-2: Ball 1-2: Ball 2-2: Strikes out looking
|
Batting: LHB John Criswell
|
0-0: Called Strike 0-1: Foul Ball, location: 2F 0-2: Ground out 4-3 (Groundball, 4, EV 86.9 MPH)
|
Batting: RHB Peter Croston
|
0-0: Ball 1-0: Called Strike 1-1: Foul Ball, location: 2F 1-2: Foul Ball, location: 2F 1-2: Foul Ball, location: 2F 1-2: Fly out, F9 (Line Drive, 9, EV 96.2 MPH)
|
Top of the 2nd over - 0 runs, 0 hits, 0 errors, 0 left on base; Iowa 0 - Gwinnett 6 |
BOTTOM OF THE 2ND |
Gwinnett Braves batting - Pitching for Iowa Cubs : RHP Ryan Masterson
|
Batting: LHB Edwin Aguilar
|
0-0: Ball 1-0: SOLO HOME RUN (Flyball, 9LD, EV 98.8 MPH), Distance : 364 ft
|
Batting: RHB Carlos Castillo
|
0-0: Ball 1-0: Called Strike 1-1: Ball 2-1: Foul Ball, location: 2F 2-2: Fly out, F9 (Flyball, 89M, EV 94.4 MPH)
|
Pitching: RHP Rashid bin Ala'
|
|
Batting: LHB Sam Dowdy
|
0-0: Ball 1-0: Ball 2-0: Ball 3-0: Called Strike 3-1: Base on Balls
|
Batting: RHB Cole Bittner
|
0-0: Called Strike 0-1: SINGLE (Line Drive, 4D, EV 106.9 MPH) Sam Dowdy to second
|
Batting: RHB Jesse Lester
|
0-0: Ball 1-0: Ball 2-0: Ball 3-0: Called Strike 3-1: Base on Balls Sam Dowdy to third Cole Bittner to second
|
Batting: RHB Corey Dalton
|
0-0: Hit by Pitch Sam Dowdy scores Cole Bittner to third Jesse Lester to second
|
Batting: SHB Tim Rodgers
|
0-0: Ball 1-0: Reached on error, E3 (Groundball, 34S, EV 90.6 MPH) Cole Bittner scores Jesse Lester to third Corey Dalton to second
|
Batting: RHB Xavier Castellanos
|
0-0: Foul Ball, location: 2F 0-1: Called Strike 0-2: Ball 1-2: SINGLE (Line Drive, 7LS, EV 90.0 MPH) Jesse Lester scores Corey Dalton to third Tim Rodgers to second
|
Pitching: RHP Heef Harted
|
|
Batting: RHB Luis Revilla
|
0-0: Ball Balk! Corey Dalton scores Tim Rodgers to third Xavier Castellanos to second 1-0: Ball 2-0: Called Strike 2-1: Foul Ball, location: 2F 2-2: Ball 3-2: Foul Ball, location: 2F 3-2: Base on Balls
|
Batting: LHB Edwin Aguilar
|
0-0: Called Strike 0-1: Ball 1-1: Ball 2-1: Fly out, F7 (Flyball, 7LM, EV 72.5 MPH) Runner from 3rd tags up, SCORES, no throw by LF
|
Batting: RHB Carlos Castillo
|
0-0: Ball 1-0: Called Strike 1-1: Ball 2-1: Foul Ball, location: 2F 2-2: Foul Ball, location: 2F 2-2: Fly out, F8 (Flyball, 89D, EV 97.5 MPH)
|
Bottom of the 2nd over - 6 runs, 3 hits, 1 error, 2 left on base; Iowa 0 - Gwinnett 12 |
TOP OF THE 3RD |
Iowa Cubs batting - Pitching for Gwinnett Braves : RHP Steve Dripps
|
Batting: SHB Nick Chandler
|
0-0: Fly out, F9 (Flyball, 9, EV 90.6 MPH)
|
Batting: SHB R.J. Vargas
|
0-0: Swinging Strike 0-1: Called Strike 0-2: Strikes out swinging
|
Batting: RHB Andy Wasierski
|
0-0: Ground out 6-3 (Groundball, 6, EV 103.8 MPH)
|
Top of the 3rd over - 0 runs, 0 hits, 0 errors, 0 left on base; Iowa 0 - Gwinnett 12 |
BOTTOM OF THE 3RD |
Gwinnett Braves batting - Pitching for Iowa Cubs : RHP Heef Harted
|
Batting: LHB Sam Dowdy
|
0-0: Swinging Strike 0-1: Ball 1-1: Ball 2-1: Ball 3-1: Called Strike 3-2: Foul Ball, location: 2F 3-2: SOLO HOME RUN (Flyball, 9D, EV 96.2 MPH), Distance : 362 ft
|
Pitching: RHP Willie Ramos
|
|
Batting: RHB Cole Bittner
|
0-0: Ground out 5-3 (Groundball, 56S, EV 88.1 MPH)
|
Batting: RHB Jesse Lester
|
0-0: Ball 1-0: Called Strike 1-1: Swinging Strike 1-2: Ball 2-2: Ball 3-2: Fly out, F7 (Flyball, 7S, EV 86.9 MPH)
|
Batting: RHB Corey Dalton
|
0-0: Called Strike 0-1: Foul Ball, location: 2F 0-2: Ball 1-2: Ball 2-2: Ball 3-2: Strikes out looking
|
Bottom of the 3rd over - 1 run, 1 hit, 0 errors, 0 left on base; Iowa 0 - Gwinnett 13 |
TOP OF THE 4TH |
Iowa Cubs batting - Pitching for Gwinnett Braves : RHP Steve Dripps
|
Batting: RHB Adam O'Hare
|
0-0: Called Strike 0-1: Ball 1-1: Called Strike 1-2: Strikes out looking
|
Batting: RHB Francisco Ramirez
|
0-0: Ball 1-0: Ball 2-0: Called Strike 2-1: Swinging Strike 2-2: Strikes out looking
|
Batting: LHB Chris Morgan
|
0-0: Ball 1-0: Swinging Strike 1-1: Swinging Strike 1-2: Ball 2-2: Strikes out swinging
|
Top of the 4th over - 0 runs, 0 hits, 0 errors, 0 left on base; Iowa 0 - Gwinnett 13 |
BOTTOM OF THE 4TH |
Gwinnett Braves batting - Pitching for Iowa Cubs : RHP Willie Ramos
|
Batting: SHB Tim Rodgers
|
0-0: Ball 1-0: Ball 2-0: Called Strike 2-1: Fly out, F8 (Flyball, 78D, EV 87.5 MPH)
|
Batting: RHB Xavier Castellanos
|
0-0: Foul Ball, location: 2F 0-1: Ball 1-1: Ball 2-1: Foul Ball, location: 2F 2-2: TRIPLE (Flyball, 89XD, EV 90.0 MPH)
|
Pitching: LHP Nate George
|
|
Batting: RHB Luis Revilla
|
0-0: Ball 1-0: Ball 2-0: Called Strike 2-1: Ball 3-1: Fly out, F6 (Line Drive, 6, EV 68.8 MPH)
|
Batting: LHB Edwin Aguilar
|
0-0: Ball 1-0: Ball 2-0: DOUBLE (Line Drive, 89D, EV 108.1 MPH) Xavier Castellanos scores
|
Batting: RHB Carlos Castillo
|
0-0: Ball 1-0: Ball 2-0: Ball 3-0: Base on Balls
|
Batting: LHB Sam Dowdy
|
0-0: Ball 1-0: Ball 2-0: Called Strike 2-1: Foul Ball, location: 2F 2-2: Foul Ball, location: 2F 2-2: 3-RUN HOME RUN (Flyball, 89XD, EV 101.2 MPH), Distance : 413 ft
|
Pitching: LHP Neal Brody
|
|
Batting: RHB Cole Bittner
|
0-0: Ball 1-0: Ball 2-0: Ball 3-0: Base on Balls
|
Batting: RHB Jesse Lester
|
0-0: Ball 1-0: Called Strike 1-1: Foul Ball, location: 2F 1-2: Foul Ball, location: 2F 1-2: Ball 2-2: Ball 3-2: Foul Ball, location: 2F 3-2: Base on Balls Cole Bittner to second
|
Batting: RHB Corey Dalton
|
0-0: Foul Ball, location: 2F 0-1: Ball 1-1: Fly out, F5 (Line Drive, 5, EV 71.2 MPH)
|
Bottom of the 4th over - 4 runs, 3 hits, 0 errors, 2 left on base; Iowa 0 - Gwinnett 17 |
TOP OF THE 5TH |
Iowa Cubs batting - Pitching for Gwinnett Braves : RHP Steve Dripps
|
Batting: LHB John Holst
|
0-0: Called Strike 0-1: Called Strike 0-2: Ball 1-2: Strikes out swinging
|
Batting: LHB John Criswell
|
0-0: Ball 1-0: Foul Ball, location: 2F 1-1: Swinging Strike 1-2: Strikes out swinging
|
Batting: RHB Peter Croston
|
0-0: Foul Ball, location: 2F 0-1: Called Strike 0-2: Strikes out swinging
|
Top of the 5th over - 0 runs, 0 hits, 0 errors, 0 left on base; Iowa 0 - Gwinnett 17 |
BOTTOM OF THE 5TH |
Gwinnett Braves batting - Pitching for Iowa Cubs : LHP Neal Brody
|
Batting: SHB Tim Rodgers
|
0-0: Ball 1-0: Called Strike 1-1: Ball 2-1: TRIPLE (Flyball, 89XD, EV 103.8 MPH)
|
Batting: RHB Xavier Castellanos
|
0-0: Ball 1-0: Ball Wild Pitch! Tim Rodgers scores 2-0: Ball 3-0: Called Strike 3-1: Foul Ball, location: 2F 3-2: Foul Ball, location: 2F 3-2: Base on Balls
|
Batting: RHB Luis Revilla
|
0-0: Called Strike 0-1: Foul Ball, location: 2F 0-2: Foul Ball, location: 2F 0-2: Reached on error, E5 (Groundball, 5L, EV 101.2 MPH) Xavier Castellanos to second
|
Batting: LHB Edwin Aguilar
|
0-0: Swinging Strike 0-1: Ball 1-1: Ball 2-1: Foul Ball, location: 2F 2-2: Foul Ball, location: 2F 2-2: Ball 3-2: Fly out, F4 (Line Drive, 4, EV 71.9 MPH)
|
Batting: RHB Carlos Castillo
|
0-0: Ball 1-0: DOUBLE (Line Drive, 7LM, EV 99.4 MPH) Xavier Castellanos scores Luis Revilla to third Runner from 3rd tries for Home, SAFE, no throw by LF
|
Batting: LHB Sam Dowdy
|
0-0: Called Strike 0-1: Foul Ball, location: 2F 0-2: Ball 1-2: Ground out 5-3 (Groundball, 5L, EV 86.9 MPH)
|
Batting: RHB Cole Bittner
|
0-0: Ball 1-0: Called Strike 1-1: Foul Ball, location: 2F 1-2: Foul Ball, location: 2F 1-2: Foul Ball, location: 2F 1-2: Ball 2-2: Foul Ball, location: 2F 2-2: Ball 3-2: Base on Balls
|
Batting: RHB Jesse Lester
|
0-0: Ball Wild Pitch! Carlos Castillo to third Cole Bittner to second 1-0: Ball 2-0: Swinging Strike 2-1: Ball 3-1: Base on Balls
|
Batting: RHB Corey Dalton
|
0-0: Ball 1-0: Fielders Choice at 2nd, 6-4 (Groundball, 6, EV 88.8 MPH)
|
Bottom of the 5th over - 3 runs, 2 hits, 1 error, 3 left on base; Iowa 0 - Gwinnett 20 |
TOP OF THE 6TH |
Iowa Cubs batting - Pitching for Gwinnett Braves : RHP Steve Dripps
|
Batting: SHB Nick Chandler
|
0-0: Ball 1-0: Swinging Strike 1-1: Swinging Strike 1-2: Strikes out swinging
|
Batting: SHB R.J. Vargas
|
0-0: Ball 1-0: Fly out, F6 (Flyball, 56D, EV 73.1 MPH)
|
Batting: RHB Andy Wasierski
|
0-0: Called Strike 0-1: Foul Ball, location: 2F 0-2: Fly out, F8 (Line Drive, 8LD, EV 91.9 MPH)
|
Top of the 6th over - 0 runs, 0 hits, 0 errors, 0 left on base; Iowa 0 - Gwinnett 20 |
BOTTOM OF THE 6TH |
Gwinnett Braves batting - Pitching for Iowa Cubs : LHP Neal Brody
|
Batting: SHB Tim Rodgers
|
0-0: Foul Ball, location: 2F 0-1: Ground out 5-3 (Groundball, 56, EV 107.5 MPH)
|
Batting: RHB Xavier Castellanos
|
0-0: Ball 1-0: Ball 2-0: Ball 3-0: Base on Balls
|
Batting: RHB Luis Revilla
|
0-0: Ball 1-0: SINGLE (Groundball, 56D, EV 105.6 MPH) Xavier Castellanos to second
|
Batting: LHB Edwin Aguilar
|
0-0: Foul Ball, location: 2F 0-1: Fielders Choice at 2nd, 3-6 (Groundball, 34S, EV 77.5 MPH) Xavier Castellanos to third
|
Batting: RHB Carlos Castillo
|
0-0: Reached on error, E6 (Groundball, 6, EV 93.1 MPH) Xavier Castellanos scores Edwin Aguilar to second
|
Batting: LHB Sam Dowdy
|
0-0: SINGLE (Groundball, 4D, EV 105.6 MPH) Edwin Aguilar to third Carlos Castillo to second Runner from 3rd tries for Home, SAFE, throw by CF to home
|
Batting: RHB Cole Bittner
|
0-0: Called Strike 0-1: Foul Ball, location: 2F 0-2: Ball 1-2: Ball 2-2: Foul Ball, location: 2F 2-2: Foul Ball, location: 2F 2-2: Foul Ball, location: 2F 2-2: DOUBLE (Groundball, 3L, EV 108.8 MPH) Carlos Castillo scores Sam Dowdy to third
|
Batting: RHB Jesse Lester
|
0-0: Ball 1-0: 3-RUN HOME RUN (Flyball, 7D, EV 93.1 MPH), Distance : 364 ft
|
Batting: RHB Corey Dalton
|
0-0: DOUBLE (Line Drive, 89XD, EV 107.5 MPH) - OUT at third base trying to stretch hit.
|
Bottom of the 6th over - 6 runs, 5 hits, 1 error, 0 left on base; Iowa 0 - Gwinnett 26 |
TOP OF THE 7TH |
Iowa Cubs batting - Pitching for Gwinnett Braves : RHP Steve Dripps
|
Batting: RHB Adam O'Hare
|
0-0: Ball 1-0: Foul Ball, location: 2F 1-1: Swinging Strike 1-2: Ball 2-2: Foul Ball, location: 2F 2-2: Strikes out swinging
|
Batting: RHB Francisco Ramirez
|
0-0: Called Strike 0-1: Ball 1-1: Swinging Strike 1-2: Strikes out looking
|
Batting: LHB Chris Morgan
|
0-0: Ball 1-0: Ball 2-0: Called Strike 2-1: Swinging Strike 2-2: Strikes out swinging
|
Top of the 7th over - 0 runs, 0 hits, 0 errors, 0 left on base; Iowa 0 - Gwinnett 26 |
BOTTOM OF THE 7TH |
Gwinnett Braves batting - Pitching for Iowa Cubs : LHP Neal Brody
|
Batting: SHB Tim Rodgers
|
0-0: Ball 1-0: Ball 2-0: Ball 3-0: Swinging Strike 3-1: Base on Balls
|
Batting: RHB Xavier Castellanos
|
0-0: Ball 1-0: Ball 2-0: Fly out, F4 (Popup, 4, EV 51.9 MPH)
|
Batting: RHB Luis Revilla
|
0-0: Ball 1-0: Ball 2-0: Ball 3-0: Base on Balls Tim Rodgers to second
|
Batting: LHB Edwin Aguilar
|
0-0: Grounds into double play, 4-6-3 (Groundball, 4, EV 81.2 MPH)
|
Bottom of the 7th over - 0 runs, 0 hits, 0 errors, 1 left on base; Iowa 0 - Gwinnett 26 |
TOP OF THE 8TH |
Iowa Cubs batting - Pitching for Gwinnett Braves : RHP Steve Dripps
|
Batting: LHB John Holst
|
0-0: Called Strike 0-1: Ball 1-1: Ball 2-1: Swinging Strike 2-2: Strikes out looking
|
Batting: LHB John Criswell
|
0-0: Ball 1-0: Ball 2-0: Ground out 6-3 (Groundball, 6, EV 88.8 MPH)
|
Batting: RHB Peter Croston
|
0-0: Ball 1-0: Called Strike 1-1: Ball 2-1: Ball 3-1: Base on Balls
|
Batting: SHB Nick Chandler
|
0-0: Ball 1-0: Foul Ball, location: 2F 1-1: SINGLE (Groundball, 56D, EV 93.8 MPH) Peter Croston to second
|
Batting: SHB R.J. Vargas
|
0-0: Ball 1-0: Ball 2-0: Called Strike 2-1: Swinging Strike 2-2: Ground out 4-3 (Groundball, 4, EV 101.2 MPH)
|
Top of the 8th over - 0 runs, 1 hit, 0 errors, 2 left on base; Iowa 0 - Gwinnett 26 |
BOTTOM OF THE 8TH |
Gwinnett Braves batting - Pitching for Iowa Cubs : LHP Neal Brody
|
Batting: RHB Carlos Castillo
|
0-0: SINGLE (Line Drive, 8LM, EV 93.1 MPH)
|
Batting: LHB Sam Dowdy
|
0-0: SINGLE (Groundball, 6M, EV 79.4 MPH) (infield hit) Carlos Castillo to second
|
Batting: RHB Cole Bittner
|
0-0: Foul Ball, location: 2F 0-1: Fielders Choice at 2nd, 3-6 (Groundball, 3S, EV 87.5 MPH) Carlos Castillo to third
|
Batting: RHB Jesse Lester
|
0-0: SINGLE (Flyball, 78S, EV 93.8 MPH) Carlos Castillo scores Cole Bittner to second
|
Batting: RHB Corey Dalton
|
0-0: Fly out, F7 (Flyball, 7LS, EV 84.4 MPH)
|
Batting: SHB Tim Rodgers
|
0-0: Called Strike 0-1: Ball 1-1: SINGLE (Groundball, 56D, EV 105.6 MPH) Cole Bittner to third Jesse Lester to second Runner from 3rd tries for Home, SAFE, throw by LF to home Jesse Lester to third Tim Rodgers to second
|
Batting: RHB Xavier Castellanos
|
0-0: Fly out, F7 (Flyball, 78D, EV 98.1 MPH)
|
Bottom of the 8th over - 2 runs, 4 hits, 0 errors, 2 left on base; Iowa 0 - Gwinnett 28 |
TOP OF THE 9TH |
Iowa Cubs batting - Pitching for Gwinnett Braves : RHP Steve Dripps
|
Batting: RHB Andy Wasierski
|
0-0: Ball 1-0: Ball 2-0: Foul Ball, location: 2F 2-1: Foul Ball, location: 2F 2-2: Strikes out looking
|
Batting: RHB Adam O'Hare
|
0-0: Foul Ball, location: 2F 0-1: Fly out, F7 (Flyball, 78S, EV 90.0 MPH)
|
Batting: RHB Francisco Ramirez
|
0-0: Ball 1-0: Foul Ball, location: 2F 1-1: Swinging Strike 1-2: Strikes out looking
|
Top of the 9th over - 0 runs, 0 hits, 0 errors, 0 left on base; Iowa 0 - Gwinnett 28 |
|